Unix NetHack Version 3.7.0-53 Work-in-progress - last build Apr 1 2022 12:02:44 (7e311aa8f678825fd515f266b121b8a7a7199ace,branch:master). Game began 2022-03-26 21:02:53, ended 2022-04-01 16:46:18. lew, chaotic male human Wizard ------- |..)...#### |.....| ### |..<(..# ##### ----------- ------ |.....|# ####### ######%#########...........####-%>..| --|-.--### ###### |.........| |....| # ############### ------- ###-.%.......|####-....| # ### -----.-- #-.....| # |...a@....|# |....| # # |......| ####|.....| # |.........|####.....| ### ##-......| ###### |......####..........|# ------ ### |.......###### |.....|## #-----------# -.--------- |......| |.....|## 0############ |.........| |.....(| #########......-# |.........| |......| -------# |.........| -------- ###### ----------- Lew the Thaumaturge St:11 Dx:14 Co:17 In:18 Wi:8 Ch:10 Chaotic Dlvl:6 $:337 HP:0(79) Pw:26(49) AC:6 Xp:7/882 T:4999 Latest messages: In what direction? You kill the water nymph! v - a dagger (at the ready). L - a white potion. v - a dagger (at the ready). The soldier ant bites! The soldier ant stings! What do you want to use or apply? [cklszGT or ?*] In what direction? Status of the soldier ant (neutral): Level 4 HP 20(20) AC 3. In what direction? The spell hits the soldier ant! The spell misses the soldier ant. The soldier ant bites! The soldier ant stings! What do you want to use or apply? [cklszGT or ?*] In what direction? Status of the soldier ant (neutral): Level 4 HP 5(20) AC 3. In what direction? The spell hits the soldier ant! You kill the soldier ant! A milky potion shatters! You smell a peculiar odor... The spell misses the soldier ant. The soldier ant bites! The soldier ant stings! What do you want to use or apply? [cklszGT or ?*] In what direction? Status of the soldier ant (neutral): Level 4 HP 14(14) AC 3. In what direction? The spell misses the soldier ant. The soldier ant bites! The soldier ant stings! The soldier ant bites! The soldier ant stings! What do you want to use or apply? [cklszGT or ?*] In what direction? Status of the soldier ant (neutral): Level 4 HP 14(14) AC 3. In what direction? The spell misses the soldier ant. The soldier ant bites! The soldier ant stings! The soldier ant bites! The soldier ant stings! You die... Do you want your possessions identified? [ynq] (y) Do you want to see your attributes? [ynq] (y) Do you want an account of creatures vanquished? [ynaq] (y) Do you want to see your conduct and achievements? [ynq] (y) Do you want to see the dungeon overview? [ynq] (y) Major events: Turn 1: lew the chaotic male human Wizard entered the dungeon 1156: attained the rank of Conjurer (level 3) 1448: entered the Gnomish Mines 2439: reached Mine Town 2444: attained the rank of Thaumaturge (level 6) 4999: killed by a soldier ant Inventory: Coins $ - 337 gold pieces Amulets W - an uncursed amulet of reflection Weapons Q - a blessed +1 dagger v - 4 +0 daggers (at the ready) H - a blessed +2 elven dagger f - a blessed +0 elven dagger a - a blessed +1 quarterstaff (weapon in hands) Armor P - an uncursed +0 helmet (being worn) D - an uncursed +0 pair of high boots (being worn) b - an uncursed +0 cloak of magic resistance (being worn) Comestibles o - 6 uncursed food rations X - an uncursed tin of szechuan gnome meat E - an uncursed lizard corpse Scrolls C - a blessed scroll of remove curse Spellbooks l - an uncursed spellbook of detect monsters k - a blessed spellbook of force bolt Potions J - an uncursed potion of healing K - an uncursed potion of object detection L - a cursed potion of object detection Rings I - a cursed ring of cold resistance named !C d - an uncursed +1 ring of gain constitution e - an uncursed +1 ring of increase accuracy (on left hand) p - an uncursed ring of shock resistance u - a cursed ring of teleportation named !C Wands c - a wand of opening (0:4) Tools T - an uncursed sack containing 1 item z - an uncursed skeleton key s - an uncursed stethoscope G - an uncursed towel Contents of the sack: 2 uncursed carrots Lew the Wizard's attributes: Background: You were a Thaumaturge, a level 7 male human Wizard. You were chaotic, on a mission for Anhur who was opposed by Ptah (lawful) and Thoth (neutral). You were in the Dungeons of Doom, on level 6. You entered the dungeon 4999 turns ago. There was a new moon in effect when your adventure ended. You had 882 experience points, 398 more were needed to attain level 8. Basics: You had 0 out of 79 hit points. You had 26 out of 49 energy points (spell power). Your armor class was 6. Your wallet contained 337 zorkmids. Autopickup was on for '$!?' plus thrown. Final Characteristics: Your strength was 11 (peak:13, limit:18/100). Your dexterity was 14 (limit:18). Your constitution was 17 (limit:18). Your intelligence was 18 (limit:18). Your wisdom was 8 (limit:18). Your charisma was 10 (limit:18). Final Status: You were not hungry. You were unencumbered. You were wielding a quarterstaff. You had basic skill with quarterstaff and could have enhanced that. Final Attributes: You were piously aligned. You were magic-protected. You were poison resistant. You had a small bonus to hit (+1). You were warded. You are dead. Miscellaneous: You never encountered a bones level. Total elapsed playing time was 1 hour, 2 minutes and 17 seconds. Vanquished creatures: a giant beetle a leprechaun a lizard a dingo a soldier ant a fire ant a wood nymph a water nymph a rock piercer a fog cloud 3 gnome leaders 2 kobold mummies a gray ooze a paper golem 2 floating eyes 2 kittens 6 dwarves 12 rothes 2 giant bats a monkey a wererat a werejackal 3 iguanas 2 killer bees 2 acid blobs 5 hobbits 8 giant rats 11 cave spiders a red mold 19 gnomes 5 geckos 6 jackals 3 foxes 2 kobolds 4 grid bugs 8 lichens a kobold zombie 8 newts 132 creatures vanquished. No species were genocided or became extinct. Voluntary challenges: You read items or engraved 3 times. You never engraved Elbereth. You never genocided any monsters. You never polymorphed an object. You never changed form. You used no wishes. Achievements: You attained the rank of Conjurer. You entered a shop. You entered the Gnomish Mines. You entered Minetown. You attained the rank of Thaumaturge. The Dungeons of Doom: levels 1 to 6 Level 1: A fountain. Level 2: A fountain. Level 3: A general store, a fountain. Stairs down to The Gnomish Mines. Level 4: A sink. Level 5: Level 6: "stash" <- You were here. A grave. Final resting place for you, killed by a soldier ant. The Gnomish Mines: levels 4 to 7 Level 4: Level 5: Level 6: Level 7: Game over: ---------- / \ / REST \ / IN \ / PEACE \ / \ | lew | | 337 Au | | killed by a | | soldier ant | | | | | | 2022 | *| * * * | * _________)/\\_//(\/(/\)/\//\/|_)_______ Goodbye lew the Wizard... You died in The Dungeons of Doom on dungeon level 6 with 4132 points, and 337 pieces of gold, after 4999 moves. You were level 7 with a maximum of 79 hit points when you died.